TOP OF THE 1ST |
Erie Jaxx batting - Pitching for Plumstead Eagles : LHP Joe Cates
|
Pitching: LHP Joe Cates
|
|
Batting: RHB Júlio Hernández
|
0-0: Fly out, F7 (Flyball, 7S)
|
Batting: SHB José Durango
|
0-0: Ball 1-0: Foul Ball, location: 2F 1-1: Fly out, F4 (Line Drive, 4M)
|
Batting: SHB Michael Field
|
0-0: Ball 1-0: Ball 2-0: SINGLE (Flyball, 89S)
|
Batting: LHB Josh Pérez
|
0-0: Ball 1-0: Called Strike 1-1: Ball 2-1: Called Strike 2-2: Ball 3-2: Strikes out looking
|
Top of the 1st over - 0 run(s), 1 hit(s), 0 error(s), 1 left on base; Erie 0 - Plumstead 0 |
BOTTOM OF THE 1ST |
Plumstead Eagles batting - Pitching for Erie Jaxx : LHP Francisco Rodríguez
|
Pitching: LHP Francisco Rodríguez
|
|
Batting: RHB Carlos Palomón
|
0-0: Ball 1-0: Fly out, F9 (Flyball, 9LS)
|
Batting: RHB Jeff Townsley
|
0-0: Ball 1-0: Foul Ball, location: 2F 1-1: Ball 2-1: Ball 3-1: Called Strike 3-2: Foul Ball, location: 2F 3-2: Foul Ball, location: 2F 3-2: Foul Ball, location: 2F 3-2: Strikes out looking
|
Batting: RHB Ethan Moore
|
0-0: Foul Ball, location: 2F 0-1: Fly out, F8 (Line Drive, 78D)
|
Bottom of the 1st over - 0 run(s), 0 hit(s), 0 error(s), 0 left on base; Erie 0 - Plumstead 0 |
TOP OF THE 2ND |
Erie Jaxx batting - Pitching for Plumstead Eagles : LHP Joe Cates
|
Batting: SHB Giel Molendijk
|
0-0: Swinging Strike 0-1: SINGLE (Groundball, 56) (infield hit)
|
Batting: LHB Jim Knight
|
0-0: Called Strike 0-1: Ball 1-1: Called Strike 1-2: Ball 2-2: Foul Ball, location: 2F 2-2: Foul Ball, location: 2F 2-2: Foul Ball, location: 2F 2-2: Foul Ball, location: 2F 2-2: Ground out 3-1 (Groundball, 2R) Giel Molendijk to second
|
Batting: RHB Edgardo Castro
|
0-0: SINGLE (Groundball, 6MD) Giel Molendijk to third Runner from 3rd tries for Home, throw and OUT!
|
Batting: RHB Ángel Serrano
|
0-0: Foul Ball, location: 2F 0-1: Ball 1-1: SINGLE (Line Drive, 4D) Edgardo Castro to second
|
Batting: RHB Ed Keesee
|
0-0: Ball 1-0: Ball 2-0: Foul Ball, location: 2F 2-1: Ball 3-1: Foul Ball, location: 2F 3-2: Base on Balls Edgardo Castro to third Ángel Serrano to second
|
Batting: RHB Júlio Hernández
|
0-0: Ground out 1-3 (Groundball, 15S)
|
Top of the 2nd over - 0 run(s), 3 hit(s), 0 error(s), 3 left on base; Erie 0 - Plumstead 0 |
BOTTOM OF THE 2ND |
Plumstead Eagles batting - Pitching for Erie Jaxx : LHP Francisco Rodríguez
|
Batting: LHB Dennis McConnell
|
0-0: Ball 1-0: Called Strike 1-1: SINGLE (Line Drive, 34)
|
Batting: RHB Kolomon Meise
|
0-0: Ball 1-0: Swinging Strike 1-1: Foul Ball, location: 2F 1-2: Ball 2-2: Ball 3-2: Strikes out swinging Dennis McConnell steals 2nd base Batter strikes out.
|
Batting: RHB José Moreno
|
0-0: Ball 1-0: Fly out, F8 (Flyball, 89S)
|
Batting: RHB Rob Brady
|
0-0: Fly out, F9 (Flyball, 9)
|
Bottom of the 2nd over - 0 run(s), 1 hit(s), 0 error(s), 1 left on base; Erie 0 - Plumstead 0 |
TOP OF THE 3RD |
Erie Jaxx batting - Pitching for Plumstead Eagles : LHP Joe Cates
|
Batting: SHB José Durango
|
0-0: Called Strike 0-1: Ball 1-1: Swinging Strike 1-2: Strikes out looking
|
Batting: SHB Michael Field
|
0-0: Swinging Strike 0-1: Foul Ball, location: 2F 0-2: Strikes out swinging
|
Batting: LHB Josh Pérez
|
0-0: Ball 1-0: Called Strike 1-1: Ground out 4-3 (Groundball, 4)
|
Top of the 3rd over - 0 run(s), 0 hit(s), 0 error(s), 0 left on base; Erie 0 - Plumstead 0 |
BOTTOM OF THE 3RD |
Plumstead Eagles batting - Pitching for Erie Jaxx : LHP Francisco Rodríguez
|
Batting: LHB Ryan Flynn
|
0-0: SINGLE (Line Drive, 34)
|
Batting: RHB Marvin Beauregard
|
0-0: Ball 1-0: Ball 2-0: Called Strike 2-1: Called Strike 2-2: Strikes out swinging
|
Batting: RHB Carlos Palomón
|
0-0: Fly out, F4 (Popup, 4)
|
Batting: RHB Jeff Townsley
|
0-0: Ball 1-0: Called Strike 1-1: Ball 2-1: Ball 3-1: Base on Balls Ryan Flynn to second
|
Batting: RHB Ethan Moore
|
0-0: Ball 1-0: Fielders Choice at 2nd, 6-4 (Groundball, 56)
|
Bottom of the 3rd over - 0 run(s), 1 hit(s), 0 error(s), 1 left on base; Erie 0 - Plumstead 0 |
TOP OF THE 4TH |
Erie Jaxx batting - Pitching for Plumstead Eagles : LHP Joe Cates
|
Batting: SHB Giel Molendijk
|
0-0: Ball 1-0: Called Strike 1-1: Ball 2-1: Ground out 5-3 (Groundball, 56)
|
Batting: LHB Jim Knight
|
0-0: Called Strike 0-1: Foul Ball, location: 2F 0-2: Foul Ball, location: 2F 0-2: Ball 1-2: Ball 2-2: Foul Ball, location: 2F 2-2: Ball 3-2: Strikes out looking
|
Batting: RHB Edgardo Castro
|
0-0: Fly out, F7 (Line Drive, 78M)
|
Top of the 4th over - 0 run(s), 0 hit(s), 0 error(s), 0 left on base; Erie 0 - Plumstead 0 |
BOTTOM OF THE 4TH |
Plumstead Eagles batting - Pitching for Erie Jaxx : LHP Francisco Rodríguez
|
Batting: LHB Dennis McConnell
|
0-0: Ball 1-0: Ball 2-0: Ball 3-0: Called Strike 3-1: Foul Ball, location: 2F 3-2: Fly out, F3 (Popup, 34S)
|
Batting: RHB Kolomon Meise
|
0-0: Ball 1-0: Ball 2-0: Ball 3-0: Base on Balls
|
Batting: RHB José Moreno
|
0-0: Ground out 4-3 (Groundball, 4S) Kolomon Meise to second
|
Batting: RHB Rob Brady
|
0-0: Called Strike 0-1: Foul Ball, location: 2F 0-2: Strikes out swinging
|
Bottom of the 4th over - 0 run(s), 0 hit(s), 0 error(s), 1 left on base; Erie 0 - Plumstead 0 |
TOP OF THE 5TH |
Erie Jaxx batting - Pitching for Plumstead Eagles : LHP Joe Cates
|
Batting: RHB Ángel Serrano
|
0-0: Ball 1-0: Ball 2-0: Called Strike 2-1: Ground out 4-3 (Groundball, 4M)
|
Batting: RHB Ed Keesee
|
0-0: Fly out, F3 (Popup, 3D)
|
Batting: RHB Júlio Hernández
|
0-0: Ball 1-0: Called Strike 1-1: Called Strike 1-2: Ball 2-2: Ground out 5-3 (Groundball, 56)
|
Top of the 5th over - 0 run(s), 0 hit(s), 0 error(s), 0 left on base; Erie 0 - Plumstead 0 |
BOTTOM OF THE 5TH |
Plumstead Eagles batting - Pitching for Erie Jaxx : LHP Francisco Rodríguez
|
Batting: LHB Ryan Flynn
|
0-0: Called Strike 0-1: Ball 1-1: Foul Ball, location: 2F 1-2: Fly out, F7 (Flyball, 7)
|
Batting: RHB Marvin Beauregard
|
0-0: Ball 1-0: Called Strike 1-1: Ball 2-1: Swinging Strike 2-2: SINGLE (Line Drive, 9S)
|
Batting: RHB Carlos Palomón
|
0-0: Ball Marvin Beauregard steals 2nd base 1-0: Foul Ball, location: 2F 1-1: Ball 2-1: Ground out 6-3 (Groundball, 6)
|
Batting: RHB Jeff Townsley
|
0-0: Ball 1-0: Ball 2-0: Called Strike 2-1: Ball 3-1: Base on Balls
|
Batting: RHB Ethan Moore
|
0-0: Called Strike 0-1: SINGLE (Line Drive, 7S) Marvin Beauregard to third Jeff Townsley to second Runner from 3rd tries for Home, SAFE, throw made home
|
Batting: LHB Dennis McConnell
|
0-0: Called Strike 0-1: Ball Passed Ball! Jeff Townsley to third Ethan Moore to second 1-1: Ball 2-1: Foul Ball, location: 2F 2-2: Ball 3-2: SINGLE (Flyball, 78S) Jeff Townsley scores Ethan Moore to third Ethan Moore scores
|
Batting: RHB Kolomon Meise
|
0-0: Ball 1-0: Swinging Strike 1-1: Ball 2-1: Ball 3-1: Foul Ball, location: 2F 3-2: Strikes out swinging
|
Bottom of the 5th over - 3 run(s), 3 hit(s), 0 error(s), 1 left on base; Erie 0 - Plumstead 3 |
TOP OF THE 6TH |
Erie Jaxx batting - Pitching for Plumstead Eagles : LHP Joe Cates
|
Batting: SHB José Durango
|
0-0: Called Strike 0-1: Fly out, F6 (Popup, 6MD)
|
Batting: SHB Michael Field
|
0-0: Ball 1-0: Swinging Strike 1-1: Ball 2-1: Foul Ball, location: 2F 2-2: Ball 3-2: SINGLE (Groundball, 56S) (infield hit)
|
Batting: LHB Josh Pérez
|
0-0: Swinging Strike 0-1: Foul Ball, location: 2F 0-2: Ball 1-2: Fly out, F8 (Flyball, 8RXD)
|
Batting: SHB Giel Molendijk
|
0-0: Ball 1-0: Ball 2-0: SINGLE (Flyball, 78S) Michael Field to second
|
Batting: LHB Jim Knight
|
0-0: Ball 1-0: Fly out, F7 (Flyball, 7LS)
|
Top of the 6th over - 0 run(s), 2 hit(s), 0 error(s), 2 left on base; Erie 0 - Plumstead 3 |
BOTTOM OF THE 6TH |
Plumstead Eagles batting - Pitching for Erie Jaxx : LHP Francisco Rodríguez
|
Pitching: RHP Armando Rodríguez
|
|
Batting: RHB José Moreno
|
0-0: Ball 1-0: Called Strike 1-1: Foul Ball, location: 2F 1-2: Ball 2-2: Strikes out swinging
|
Batting: RHB Rob Brady
|
0-0: Called Strike 0-1: Called Strike 0-2: Ball 1-2: Ball 2-2: Foul Ball, location: 2F 2-2: Fly out, F9 (Flyball, 89S)
|
Batting: LHB Ryan Flynn
|
0-0: Ball 1-0: Foul Ball, location: 2F 1-1: Ball 2-1: Foul Ball, location: 2F 2-2: Fly out, F8 (Flyball, 8LD)
|
Bottom of the 6th over - 0 run(s), 0 hit(s), 0 error(s), 0 left on base; Erie 0 - Plumstead 3 |
TOP OF THE 7TH |
Erie Jaxx batting - Pitching for Plumstead Eagles : LHP Joe Cates
|
Pitching: LHP Pat Bruce
|
|
Batting: RHB Edgardo Castro
|
0-0: Called Strike 0-1: Called Strike 0-2: Ground out 6-3 (Groundball, 6)
|
Batting: RHB Ángel Serrano
|
0-0: Ball 1-0: Ball 2-0: Ball 3-0: Called Strike 3-1: Called Strike 3-2: Strikes out swinging
|
Batting: RHB Ed Keesee
|
0-0: Ball 1-0: Swinging Strike 1-1: Fly out, F8 (Flyball, 8LM)
|
Top of the 7th over - 0 run(s), 0 hit(s), 0 error(s), 0 left on base; Erie 0 - Plumstead 3 |
BOTTOM OF THE 7TH |
Plumstead Eagles batting - Pitching for Erie Jaxx : RHP Armando Rodríguez
|
Batting: RHB Marvin Beauregard
|
0-0: Foul Ball, location: 2F 0-1: SINGLE (Groundball, 34D)
|
Batting: RHB Carlos Palomón
|
0-0: Ball 1-0: Foul Ball, location: 2F 1-1: Ball 2-1: Foul Ball, location: 2F 2-2: Strikes out swinging Marvin Beauregard steals 2nd base Batter strikes out.
|
Batting: RHB Jeff Townsley
|
0-0: DOUBLE (Line Drive, 7LS) Marvin Beauregard scores
|
Batting: RHB Ethan Moore
|
0-0: Ball 1-0: Ball 2-0: Fly out, F6 (Line Drive, 6)
|
Batting: LHB Dennis McConnell
|
0-0: Ball 1-0: Ball 2-0: Foul Ball, location: 2F 2-1: Ball 3-1: Foul Ball, location: 2F 3-2: Ground out 4-3 (Groundball, 4)
|
Bottom of the 7th over - 1 run(s), 2 hit(s), 0 error(s), 1 left on base; Erie 0 - Plumstead 4 |
TOP OF THE 8TH |
Erie Jaxx batting - Pitching for Plumstead Eagles : LHP Pat Bruce
|
Batting: RHB Júlio Hernández
|
0-0: Foul Ball, location: 2F 0-1: Ball 1-1: Foul Ball, location: 2F 1-2: Strikes out swinging
|
Batting: SHB José Durango
|
0-0: Ball 1-0: Ball 2-0: Ball 3-0: Called Strike 3-1: Called Strike 3-2: SINGLE (Line Drive, 7LM)
|
Batting: SHB Michael Field
|
0-0: SINGLE (Groundball, 6MD) José Durango to second
|
Batting: LHB Josh Pérez
|
0-0: Called Strike 0-1: Hit by Pitch José Durango to third Michael Field to second
|
Pitching: RHP Jesús Manuel
|
|
Batting: SHB Giel Molendijk
|
0-0: Ball 1-0: Ball 2-0: SINGLE (Line Drive, 8LS) José Durango scores Michael Field to third Josh Pérez to second
|
Batting: LHB Jim Knight
|
0-0: Ball 1-0: Called Strike 1-1: Ball 2-1: Fly out, F7 (Flyball, 78S)
|
Batting: RHB Edgardo Castro
|
0-0: Ball 1-0: Ground out 3-1 (Groundball, 34)
|
Top of the 8th over - 1 run(s), 3 hit(s), 0 error(s), 3 left on base; Erie 1 - Plumstead 4 |
BOTTOM OF THE 8TH |
Plumstead Eagles batting - Pitching for Erie Jaxx : RHP Armando Rodríguez
|
Batting: RHB Kolomon Meise
|
0-0: Ball 1-0: SINGLE (Groundball, 4MD)
|
Batting: RHB José Moreno
|
0-0: Bunted foul 0-1: Bunted foul 0-2: Foul Ball, location: 2F 0-2: DOUBLE (Line Drive, 9LM) Kolomon Meise to third
|
Batting: RHB Rob Brady
|
0-0: Swinging Strike 0-1: Swinging Strike 0-2: Ball 1-2: Ball 2-2: Foul Ball, location: 2F 2-2: Strikes out swinging
|
Batting: LHB Ryan Flynn
|
0-0: Intentional Walk
|
Pinch Hitting: RHB José Ortega
|
0-0: Ball 1-0: Grounds into fielders choice 6-2 (Groundball, 6) José Moreno to third Ryan Flynn to second
|
Pinch Hitting: RHB Juan Caceres
|
0-0: Ball 1-0: Fly out, F8 (Flyball, 8LM)
|
Bottom of the 8th over - 0 run(s), 2 hit(s), 0 error(s), 3 left on base; Erie 1 - Plumstead 4 |
TOP OF THE 9TH |
Erie Jaxx batting - Pitching for Plumstead Eagles : RHP Jesús Manuel
|
Pitching: LHP Holden Clark
|
|
Now at SS: Juan Caceres
|
|
Now in RF: Rubén Martínez
|
|
Batting: RHB Ángel Serrano
|
0-0: Ball 1-0: Called Strike 1-1: Called Strike 1-2: Ball 2-2: Foul Ball, location: 2F 2-2: Strikes out swinging
|
Batting: RHB Ed Keesee
|
0-0: Ground out 4-3 (Groundball, 4)
|
Batting: RHB Júlio Hernández
|
0-0: Ball 1-0: Ball 2-0: Ball 3-0: Called Strike 3-1: Base on Balls
|
Batting: SHB José Durango
|
0-0: Ball 1-0: Swinging Strike 1-1: Called Strike 1-2: Ball 2-2: Fielders Choice at 2nd, 6-4 (Groundball, 6)
|
Top of the 9th over - 0 run(s), 0 hit(s), 0 error(s), 0 left on base; Erie 1 - Plumstead 4 |
|